AoeStats
← perpetualsigh

Four Lakes

509176216Analyzed
1v1 RM · 5d ago on Sep 25, 2026· 35m 21s· 2 players
Game mode
Random Map
Map size
Tiny (2 player)
Population
200
Speed
Normal
Resources
Standard
Victory
Conquest
Starting age
Dark Age
Ending age
Imperial Age
RankedLock teamsTeams togetherTeam positionsShared explorationLock speedFull tech treeHidden civsTurbo modeCheats
Victory
Defeat
🇨🇿 Byzantines · Czechia
930
+15
🇬🇧 Varangians · United Kingdom
901
-39
perpetualsigh
6:09 Loom
8:47 Feudal Age
10:04 Double-Bit Axe
14:08 Bloodlines
15:32 Horse Collar
20:40 Wheelbarrow
23:16 Castle Age
24:28 Scale Mail Armor
24:38 Forging
27:30 Chain Mail Armor
28:03 Gambesons
28:19 Squires
28:04 Arson
30:13 Fletching
29:48 Elite Skirmisher
Nightfury
8:54 Loom
10:39 Feudal Age
8:58 Loom
18:35 Castle Age
18:27 Double-Bit Axe
18:46 Gold Mining
19:41 Fishing Lines
20:44 Squires
20:35 Gambesons
20:39 Pikeman
23:39 Wheelbarrow
26:12 Thumb Ring
27:14 Bow Saw
30:07 Forging
31:31 Hand Cart
31:16 Fletching
31:28 Padded Archer Armor
33:27 Ballistics
37:41 Imperial Age
35:37 Bodkin Arrow
35:58 Leather Archer Armor
Connection lost

Rejoining the realm…

Still unreachable

The connection could not be restored.

Session expired

The server has moved on; the page needs a fresh start.